 Dungeon Crawl Stone Soup version 0.31.0-12-g77e489cdc1 (webtiles) character file.

Game seed: 5374595999527177429

50421 cdecastro the Mimic (level 14, 0/121 HPs)
             Began as a Yellow Draconian Shapeshifter on Mar 4, 2024.
             Was a High Priest of Makhleb.
             Shot with an arrow by a deep elf archer (2 damage)
             ... in a volcano.
             The game lasted 00:50:00 (21003 turns).

cdecastro the Mimic (DrSh)                         Turns: 21003, Time: 00:50:01

Health: 0/121      AC: 14    Str: 18    XL:     14   Next: 19%
Magic:  32/32      EV: 23    Int: 15    God:    Makhleb [*****.]
Gold:   941        SH:  0    Dex: 21    Spells: 13/13 levels left

rFire   + .          .
                       - Unarmed
rCold   . . .        (shield currently unavailable)
rNeg    . . .        (body armour unavailable)
rPois   .            (helmet restricted)
rElec   +            K - +1 cloak {Stlth+}
rCorr   +            (no gloves)
SInv    .            (no boots)
Will    +....        x - amulet of Tirun {rF+ Regen+ rCorr MP+9 Str+2}
Stlth   +            R - +4 ring of protection
HPRegen 1.20/turn    N - ring "Xohipus" {rElec Int+3 Dex+6}
MPRegen 0.23/turn

%: no passive effects
@: on fire, short of breath, flux-form, glowing
A: glow, contaminating, spit acid, AC +8, unfitting armour, acidic bite,
cold-blooded, acid resistance
a: Breathe Acid, Begin Untransformation, Renounce Religion, Minor Destruction,
Lesser Servant of Makhleb, Major Destruction, Greater Servant of Makhleb


You were in a volcano.
You worshipped Makhleb.
Makhleb was extremely pleased with you.
You were something dangerously unstable.
You visited 3 branches of the dungeon, and saw 16 of its levels.
You also visited: Sewer and Volcano.

You collected 941 gold pieces.

Inventory:

Hand Weapons
 a - a +2 whip of venom
 b - a +1 whip of electrocution
 c - a +3 flail of protection
Armour
 K - a +1 cloak of stealth (worn)
 W - an orb of guile
Magical Staves
 J - a staff of alchemy
Jewellery
 i - a ring of ice
 j - a +6 ring of dexterity
 u - a ring of flight
 x - the amulet of Tirun (around neck) {rF+ Regen+ rCorr MP+9 Str+2}
   (You found it on level 3 of the Lair of Beasts)

   [amulet of regeneration]

   Str+2:     It affects your strength (+2).
   rF+:       It protects you from fire.
   MP+9:      It affects your magic capacity (+9).
   Regen+:    It increases your rate of health regeneration.
   rCorr:     It protects you from acid and corrosion.
 E - a ring of willpower
 N - the ring "Xohipus" (right hand) {rElec Int+3 Dex+6}
   (You found it on level 3 of the Lair of Beasts)

   [ring of dexterity]

   Int+3:     It affects your intelligence (+3).
   Dex+6:     It affects your dexterity (+6).
   rElec:     It insulates you from electricity.
 R - a +4 ring of protection (left hand)
 S - a ring of see invisible
 T - a ring of magical power
 V - a ring of magical power
Talismans
 d - a beast talisman
 D - a flux talisman (active)
Wands
 A - a wand of quicksilver (4)
 I - a wand of flame (44)
 M - a wand of polymorph (11)
 O - a wand of roots (8)
 P - a wand of paralysis (4)
Scrolls
 e - 3 scrolls of noise {unknown}
 g - 3 scrolls of fog {unknown}
 h - 3 scrolls of blinking {unknown}
 k - 6 scrolls of vulnerability {unknown}
 m - 4 scrolls of fear {unknown}
 p - 4 scrolls of enchant weapon {unknown}
 r - 5 scrolls of teleportation
 s - 2 scrolls of enchant armour {unknown}
 y - 3 scrolls of revelation {unknown}
 B - 2 scrolls of silence {unknown}
 F - a scroll of torment {unknown}
 H - 2 scrolls of poison {unknown}
 L - a scroll of brand weapon {unknown}
 U - a scroll of amnesia {unknown}
 X - a scroll of immolation {unknown}
Potions
 f - 3 potions of magic
 n - 7 potions of mutation
 o - 4 potions of attraction
 q - 4 potions of might
 t - 7 potions of curing
 v - a potion of brilliance
 w - 3 potions of haste
 z - 2 potions of cancellation
 C - a potion of berserk rage
 G - a potion of lignification
 Q - a potion of enlightenment
 Y - a potion of invisibility {unknown}
 Z - a potion of resistance {unknown}


   Skills:
 - Level 10.0 Fighting
 - Level 10.0 Dodging
 - Level 3.2 Unarmed Combat
 + Level 13.0 Invocations
 - Level 9.1 Evocations
 - Level 14.0 Shapeshifting


You had 13 spell levels left.
You didn't know any spells.
Your spell library contained the following spells:

 Spells                   Type           Power      Damage    Failure   Level
 Freeze                   Ice            0%         1d3       26%         1
 Kiss of Death            Conj/Necr      0%         2d5       26%         1
 Blink                    Tloc           0%         N/A       38%         2
 Ensorcelled Hibernation  Hex/Ice        0%         N/A       38%         2
 Lesser Beckoning         Tloc           0%         N/A       38%         2
 Momentum Strike          Conj/Tloc      0%         3d8       38%         2
 Confusing Touch          Hex            0%         N/A       63%         3
 Frozen Ramparts          Ice            0%         1d1       63%         3
 Hailstorm                Conj/Ice       0%         3d5       63%         3
 Passwall                 Erth           0%         N/A       63%         3
 Swiftness                Air            0%         N/A       63%         3
 Tukima's Dance           Hex            0%         N/A       63%         3
 Dimensional Bullseye     Hex/Tloc       0%         N/A       95%         4
 Dispel Undead            Necr           0%         3d6       95%         4
 Iskenderun's Mystic Bla  Conj/Tloc      0%         2d3       95%         4
 Malign Gateway           Summ/Tloc      0%         N/A       100%        7
 Summon Horrible Things   Summ           0%         N/A       100%        8


Dungeon Overview and Level Annotations

Branches:
Dungeon (11/15)            Temple (1/1) D:4            Lair (4/5) D:10
  Swamp (0/4) Lair:2       Spider (0/4) Lair:3        Sewer (visited)
Volcano (1/1)
  Slime: Lair:4-5       Orc: D:9-12

Altars:
Ashenzari
Cheibriados
Dithmenos
Elyvilon
Fedhas
Gozag
Hepliaklqana
Kikubaaqudgha
Makhleb
Nemelex Xobeh
Okawaru
Qazlal
Ru
Sif Muna
Trog
Uskayaw
Vehumet
Wu Jian
Xom
Yredelemnul
Zin
The Shining One

Shops:
D:1 :   D:6 (


Innate Abilities, Weirdness & Mutations

You are something dangerously unstable.
You glow with magical radiation, making you easy to see and hit.
Foes you strike become dangerously contaminated with magical radiation.
You are incapable of wielding weapons or throwing items.
You can spit globs of acid.
Your golden yellow scales are hard. (AC +8)
You cannot fit into any form of body armour.
You have acidic saliva.
You are cold-blooded and may be slowed by cold attacks.
You are resistant to acid. (rCorr)


Message History

Unknown command.
Unknown command.
Okay, then.
Unknown command.
Okay, then.
Okay, then.
Unknown command.
A demon appears!
The liquid fire burns you!
* * * LOW HITPOINT WARNING * * *
The deep elf pyromancer gestures at you while chanting.
The bolt of fire hits you! You resist.
* * * LOW HITPOINT WARNING * * *
Unknown command.
Unknown command.
You feel better. The liquid fire burns you!
* * * LOW HITPOINT WARNING * * *
The deep elf pyromancer barely misses you.
Your ynoxinul barely misses the fire elemental.
You feel better. The liquid fire burns you!
* * * LOW HITPOINT WARNING * * *
The deep elf archer shoots an arrow.
The arrow hits you!
* * * LOW HITPOINT WARNING * * *
The arrow burns you.
* * * LOW HITPOINT WARNING * * *
The deep elf pyromancer gestures at you while chanting.
The pyre arrow misses you.
Your ynoxinul hits the deep elf pyromancer!
Unknown command.
Unknown command.
You feel better. The liquid fire burns you!
* * * LOW HITPOINT WARNING * * *
The deep elf pyromancer gestures wildly while chanting.
Send 'em back where they came from!
Your ynoxinul shudders.
The deep elf archer shoots an arrow.
The arrow hits you.
You die...

#≈##############
#§≈#...°†)e.#e..
#§§##.○°#...##..
##≈≈#3E☼#....'..
#≈§##e###...##.
##≈≈#.p.#....#
#§≈##))##+####
##≈≈#...#.....
#≈≈##e.#.§.§.
##§§#..##.≈§.
#§≈##..# ..#
##≈≈#..# .# #
#§≈##'#####§≈#
##≈≈#....#≈§#


You could see a deep elf archer (repels missiles), a deep elf pyromancer
(corroded, ally target), a fire elemental (summoned) and a friendly ynoxinul
(summoned).

Vanquished Creatures
  4 hydras
  A catoblepas (Lair:1)
  3 two-headed ogres
  A boulder beetle (Lair:4)
  A death yak (Lair:3)
  2 spriggan druids (Lair:2)
  A lindwurm (Lair:3)
  Pikel (D:8)
  A wolf spider (Lair:3)
  4 deep elf pyromancers (Volcano)
  3 oklob plants (Lair:1)
  17 elephants
  7 black mambas (Lair:3)
  14 cane toads
  A torpor snail (Lair:3)
  An unseen horror (D:10)
  11 komodo dragons
  3 trolls
  A hornet (D:8)
  4 polar bears
  4 blink frogs
  Grinder (D:3)
  2 dream sheep (Lair:3)
  A jumping spider (Lair:3)
  3 wyverns
  Sigmund (D:3)
  A shadow (D:9)
  A vampire (D:10)
  A fire bat (D:8)
  4 fire elementals (Volcano)
  Eustachio (D:6)
  56 yaks
  2 redbacks (Lair:3)
  2 basilisks (Lair:1)
  2 steam dragons (D:9)
  Menkaure (D:6)
  Edmund (D:6)
  19 water moccasins
  5 hell hounds (Volcano)
  An orc warrior (D:10)
  5 black bears
  3 ice beasts
  A sky beast (D:6)
  26 wolves
  A centaur (D:5)
  A phantom (D:7)
  2 lemures (D:8)
  A kobold brigand (D:9)
  18 bullfrogs
  A gnoll sergeant (D:5)
  10 scorpions
  9 wights
  8 killer bees
  2 howler monkeys (D:10)
  7 electric eels
  Crazy Yiuf (D:7)
  3 bombardier beetles
  2 hounds
  A gnoll bouda (D:7)
  4 orc priests
  2 jellies (D:5)
  3 iguanas (D:5)
  9 orc wizards
  2 sleepcaps
  Terence (D:2)
  4 river rats (Sewer)
  15 adders
  13 gnolls
  3 white imps (D:5)
  An ufetubus (D:5)
  6 ribbon worms
  6 dart slugs
  33 orcs
  7 endoplasms
  8 giant cockroaches
  11 goblins
  7 hobgoblins
  9 jackals
  7 quokkas
  24 ball pythons
  4 bats
  6 frilled lizards
  15 kobolds
  24 rats
516 creatures vanquished.

Notes
Turn   | Place    | Note
-------+----------+-------------------------------------------
     0 | D:1      | cdecastro the Draconian Shapeshifter began the quest for
                  | the Orb.
     0 | D:1      | Reached XP level 1. HP: 16/16 MP: 1/1
   146 | D:1      | Reached XP level 2. HP: 23/23 MP: 2/2
   526 | D:1      | Reached XP level 3. HP: 29/29 MP: 3/3
   531 | D:1      | Found Rieqais's Book Boutique.
   777 | D:2      | Noticed Terence
   791 | D:2      | Killed Terence
   792 | D:2      | Reached skill level 4 in Shapeshifting
   953 | D:2      | Reached XP level 4. HP: 35/37 MP: 4/4
  1799 | D:3      | Found a glowing drain.
  1804 | Sewer    | Entered a sewer
  1844 | Sewer    | Reached XP level 5. HP: 45/45 MP: 5/5
  2265 | Sewer    | Reached skill level 5 in Shapeshifting
  2517 | Sewer    | Reached XP level 6. HP: 37/52 MP: 6/6
  3010 | D:3      | Noticed Grinder
  3024 | D:3      | Killed Grinder
  3025 | D:3      | Reached skill level 6 in Shapeshifting
  3025 | D:3      | Your scales start taking on a golden yellow colour.
  3025 | D:3      | Reached XP level 7. HP: 60/60 MP: 7/7
  3025 | D:3      | Gained mutation: You are resistant to acid. (rCorr) [Yellow
                  | Draconian growth]
  3158 | D:3      | Reached skill level 5 in Fighting
  3194 | D:3      | Noticed Sigmund
  3202 | D:3      | Killed Sigmund
  3203 | D:3      | Reached skill level 7 in Shapeshifting
  3341 | D:4      | Found a bloodstained altar of Trog.
  3611 | D:4      | Noticed a shadow
  3612 | D:4      | Found a shadowy altar of Dithmenos.
  3631 | D:4      | Found a hazy altar of Hepliaklqana.
  3690 | D:4      | Found a staircase to the Ecumenical Temple.
  3696 | Temple   | Entered the Ecumenical Temple
  3795 | D:4      | Reached XP level 8. HP: 60/70 MP: 8/8
  4298 | Temple   | Became a worshipper of Makhleb the Destroyer
  4334 | D:5      | Entered Level 5 of the Dungeon
  4348 | D:5      | Reached skill level 8 in Shapeshifting
  5635 | D:5      | Reached XP level 9. HP: 49/82 MP: 9/9
  5862 | D:5      | Reached * piety under Makhleb
  6787 | D:5      | Reached skill level 9 in Shapeshifting
  6981 | D:6      | Noticed Edmund
  7003 | D:6      | Killed Edmund
  7004 | D:6      | Reached skill level 10 in Fighting
  7280 | D:6      | Noticed Eustachio
  7293 | D:6      | Killed Eustachio
  7294 | D:6      | Reached skill level 1 in Evocations
  7364 | D:6      | Found Jiczug's Weapon Emporium.
  7420 | D:6      | Noticed Menkaure
  7427 | D:6      | Killed Menkaure
  8446 | D:7      | Reached ** piety under Makhleb
  8447 | D:7      | Reached XP level 10. HP: 73/93 MP: 10/10
  8779 | D:7      | Found a runed translucent door.
  8780 | D:7      | Noticed Crazy Yiuf
  8789 | D:7      | Killed Crazy Yiuf
  8879 | D:8      | Reached skill level 5 in Evocations
  9356 | D:8      | Reached skill level 10 in Shapeshifting
 10048 | D:8      | Noticed a two-headed ogre
 10095 | D:8      | Killed a two-headed ogre
 10169 | D:8      | Noticed Pikel
 10181 | D:8      | Killed Pikel
 10247 | D:8      | Noticed Psyche
 10250 | D:8      | Psyche changed into Psyche the fire bat
 10250 | D:8      | Noticed Psyche
 10253 | D:8      | Killed Psyche the fire bat
 10724 | D:8      | Reached XP level 11. HP: 44/99 MP: 11/11
 11220 | D:8      | Reached skill level 11 in Shapeshifting
 12058 | D:9      | Reached *** piety under Makhleb
 12136 | D:9      | Noticed a two-headed ogre
 12168 | D:9      | Killed a two-headed ogre
 13085 | D:9      | Reached skill level 5 in Dodging
 13453 | D:10     | Entered Level 10 of the Dungeon
 13491 | D:10     | Found a sacrificial altar of Ru.
 13491 | D:10     | Found a stormy altar of Qazlal.
 13491 | D:10     | Found a hide-covered altar of Uskayaw.
 13499 | D:10     | Found an iron altar of Okawaru.
 13507 | D:10     | Found a blossoming altar of Fedhas.
 13509 | D:10     | Found a broken altar of Ashenzari.
 13513 | D:10     | Found a glowing golden altar of the Shining One.
 13514 | D:10     | Found a sparkling altar of Nemelex Xobeh.
 14252 | D:10     | Found a staircase to the Lair.
 14266 | D:10     | Noticed a two-headed ogre
 14362 | D:10     | Killed a two-headed ogre
 14415 | D:10     | Reached skill level 12 in Shapeshifting
 14417 | D:10     | Reached **** piety under Makhleb
 14650 | D:11     | Noticed a skeletal warrior
 14650 | D:11     | Noticed a skeletal warrior
 14677 | Lair:1   | Entered Level 1 of the Lair of Beasts
 14798 | Lair:1   | Reached XP level 12. HP: 90/106 MP: 12/12
 15540 | Lair:1   | Noticed a catoblepas
 15573 | Lair:1   | Killed a catoblepas
 17043 | Lair:2   | Reached skill level 10 in Dodging
 17239 | Lair:2   | Reached skill level 1 in Invocations
 17338 | Lair:2   | Reached skill level 13 in Shapeshifting
 17379 | Lair:2   | Noticed a four-headed hydra
 17391 | Lair:2   | Reached ***** piety under Makhleb
 17400 | Lair:2   | Killed a four-headed hydra
 17831 | Lair:2   | Found a staircase to the Swamp.
 17973 | Lair:3   | Reached XP level 13. HP: 75/113 MP: 16/16
 18108 | Lair:2   | Reached skill level 5 in Invocations
 18745 | Lair:3   | Found a hole to the Spider Nest.
 18866 | Lair:3   | Reached skill level 14 in Shapeshifting
 19302 | Lair:3   | Reached skill level 10 in Invocations
 19406 | Lair:3   | Identified the ring "Xohipus" {rElec Int+3 Dex+6}
 19447 | Lair:3   | Identified the amulet of Tirun {rF+ Regen+ rCorr MP+9
                  | Str+2}
 20464 | Lair:4   | Gained mutation: You have acidic saliva. [Yellow Draconian
                  | growth]
 20464 | Lair:4   | Reached XP level 14. HP: 81/121 MP: 22/22
 20620 | Lair:4   | Identified the ring of the Heavens {Fly rElec rCorr Int-4
                  | Stlth+}
 20815 | Lair:4   | Found a dark tunnel.
 20820 | Volcano  | Entered a volcano
 21000 | Volcano  | HP: 2/121 [deep elf pyromancer/bolt of fire (11)]
 21003 | Volcano  | Shot with an arrow by a deep elf archer

Illustrated notes

Levels and vault maps discovered:
D:1:      dpeg_arrival_renting, layout_loops_ring, serial_shops,
          nicolae_shop_tiny_real_fake_doors
D:2:      layout_basic, uniq_terence
D:3:      layout_rooms, mainiacjoe_sewer_entry_somewhere_in_here_1,
          minmay_vboxes, uniq_sigmund, uniq_grinder
D:4:      layout_cave_pools, riverfiend_overflow_shadow_ancestor, bloody_trog,
          minmay_temple_entry_proselytizer, hangedman_minor_gate_pass
D:5:      layout_loops_ring, nzn_random_ring
D:6:      layout_basic, serial_shops, shop, uniq_edmund, uniq_menkaure,
          uniq_eustachio
D:7:      layout_rooms, uniq_crazy_yiuf_cottage
D:8:      argonaut_augean_stables, layout_loops_corners, uniq_pikel, uniq_psyche
D:9:      layout_loops_cross, serial_bayou, serial_bayou_lagoon_a,
          serial_bayou_pond_b, serial_bayou_lake_a, serial_bayou_shore_b,
          amcnicky_mini_rare_corridor_liquid
D:10:     layout_loops_ring, nicolae_overflow_hallway_of_the_gods,
          due_lair_maze_entry_diamond, columned_hall_lemuel, st_stairs_4
D:11:     minmay_gate_of_8, layout_basic, serial_shops,
          nicolae_shop_back_alley_shop
Temple:   jpeg_temple_clearing
Lair:1:   minmay_lair_oklob_chamber, layout_hall_layers,
          infiniplex_staircase_pool_2, grunt_megastairs_5
Lair:2:   layout_misc_corridors, mainiacjoe_swamp_entry_angry_trees
Lair:3:   nzn_winding_woodlands_large [nzn_winding_woodlands_5x5_perimeter,
          nzn_winding_woodlands_5x15_eye, nzn_winding_woodlands_5x5_cross,
          nzn_winding_woodlands_center_lodge,
          nzn_winding_woodlands_15x15_thick_spiral,
          nzn_winding_woodlands_center_garden,
          nzn_winding_woodlands_5x5_checkerboard,
          nzn_winding_woodlands_5x15_pool, nzn_winding_woodlands_5x5_default],
          layout_chaotic_city, spider_nest_entry_a, serial_bayou_pond_d
Lair:4:   layout_cave_pods, enter_volcano_4
Volcano:  hellmonk_pyromancer_palace

Skill      XL: |  1  2  3  4  5  6  7  8  9 10 11 12 13 14 |
---------------+-------------------------------------------+-----
Fighting       | 2 3 4 5 8 10 | 10.0
Shapeshifting  | 4 5 6 7 8 9 10 12 13 14 | 14.0
Evocations     | 4 8 9 |  9.1
Dodging        | 7 10 | 10.0
Invocations    | 4 11 13 | 13.0
Unarmed Combat | |  3.2

Action                     |  1- 3 |  4- 6 |  7- 9 | 10-12 | 13-15 || total
---------------------------+-------+-------+-------+-------+-------++-------
  Melee: Unarmed           |    10 |       |       |   612 |   697 ||  1319
         Tailslap          |     9 |    25 |    62 |   212 |   164 ||   472
         Dagger            |    61 |   249 |   202 |       |       ||   512
         Punch             |     1 |     3 |    12 |    12 |     5 ||    33
         Whip              |       |       |   170 |   286 |     3 ||   459
         Flail             |       |       |    11 |    22 |       ||    33
         Bite              |       |       |       |       |    27 ||    27
 Invoke: Minor Destruction |       |       |       |     2 |       ||     2
         Lesser Servant of |       |       |       |       |     1 ||     1
Ability: Breathe Acid      |       |       |    11 |     8 |     8 ||    27
  Evoke: Wand              |       |     3 |     1 |    23 |     9 ||    36
    Use: Potion            |       |     2 |     2 |     3 |    14 ||    21
         Scroll            |       |     3 |       |     7 |     4 ||    14
   Stab: Paralysed         |       |     5 |     3 |    29 |       ||    37
         Sleeping          |       |     1 |     1 |     2 |       ||     4
 Armour: Skin              |    34 |   191 |   308 |   453 |   433 ||  1419
  Dodge: Dodged            |    42 |   175 |   243 |   768 |   707 ||  1935
   Form: Flux              |       |       |       |     1 |       ||     1
